Map: King Sejong Station LE

Players

ShoWTimE - Winner!

  • Race: Protoss Protoss
  • League: Master

EnVyUsPolt (Polt)

  • Race: Terran Terran
  • League: Master

Event: DreamHack ZOWIE Open Valencia 2016

VOD

Have the link to the VOD?

Description

Time

  • Played on: July 14, 2016, 1:29 p.m.
  • Length: 15:04

All games in this series

Show
View Real Time Build Order
Export as new Build Order

ShoWTimE Protoss - Winner!

Build Orders: 1 Gate Expand, Blink Stalkers 

Get SALT Encoding   

  12  0:00  Probe (Chrono Boost)  
  13  0:11  Probe (Chrono Boost)  
  14  0:17  Pylon  
  14  0:22  Probe (Chrono Boost)  
  15  0:35  Probe (Chrono Boost)  
  16  0:37  Gateway  
  16  0:42  Assimilator  
  16  0:46  Probe (Chrono Boost)  
  18  0:57  Probe (Chrono Boost)  
  18  1:07  Probe (Chrono Boost)  
  19  1:21  Nexus  
  19  1:29  Cybernetics Core  
  19  1:32  Probe (Chrono Boost)  
  20  1:40  Assimilator  
  20  1:43  Probe (Chrono Boost)  
  21  1:50  Pylon  
  21  1:53  Probe (Chrono Boost)  
  22  2:05  Adept, Probe (Chrono Boost)  
  22  2:07  Warp Gate  
  25  2:18  Probe (Chrono Boost)  
  27  2:31  Mothership Core (Chrono Boost)  
  27  2:34  Adept  
  29  2:38  Probe (Chrono Boost)  
  30  2:48  Probe (Chrono Boost)  
  30  2:50  Probe (Chrono Boost)  
  31  2:59  Probe (Chrono Boost)  
  31  3:00  Probe (Chrono Boost)  
  31  3:03  Robotics Facility  
  33  3:09  Probe (Chrono Boost)  
  33  3:11  Probe (Chrono Boost)  
  35  3:15  Twilight Council  
  35  3:19  Pylon  
  35  3:20  Probe (Chrono Boost)  
  35  3:21  Probe (Chrono Boost)  
  37  3:30  Probe (Chrono Boost)  
  37  3:32  Probe (Chrono Boost)  
  39  3:37  Blink  
  39  3:39  Gateway  
  39  3:40  Gateway  
  39  3:41  Probe (Chrono Boost)  
  40  3:45  Probe (Chrono Boost)  
  40  3:48  Observer  
  41  3:53  Probe (Chrono Boost)  
  43  3:58  Assimilator  
  43  4:00  Probe (Chrono Boost)  
  44  4:05  Probe (Chrono Boost)  
  44  4:07  Observer  
  45  4:12  Probe (Chrono Boost)  
  48  4:17  Probe (Chrono Boost)  
  48  4:19  Nexus  
  48  4:23  Pylon  
  48  4:27  Probe (Chrono Boost)  
  49  4:37  Stalker x2  
  53  4:41  Stalker  
  53  4:43  Warp Prism  
  53  4:44  Pylon  
  57  5:01  Stalker  
  57  5:02  Stalker  
  57  5:04  Stalker  
  63  5:08  Pylon  
  63  5:10  Probe x2 (Chrono Boost)  
  65  5:18  Observer  
  68  5:22  Probe x2 (Chrono Boost)  
  67  5:30  Stalker x2  
  67  5:31  Stalker  
  73  5:35  Pylon  
  73  5:38  Probe (Chrono Boost)  
  69  5:56  Probe x2 (Chrono Boost)  
  69  5:58  Immortal  
  69  6:03  Adept x3  
  79  6:06  Probe (Chrono Boost)  
  79  6:08  Probe (Chrono Boost)  
  79  6:10  Forge x2  
  81  6:13  Pylon  
  81  6:14  Probe (Chrono Boost)  
  83  6:20  Probe (Chrono Boost)  
  83  6:21  Probe (Chrono Boost)  
  83  6:23  Pylon  
  85  6:26  Probe (Chrono Boost)  
  85  6:28  Sentry x2  
  85  6:29  Sentry  
  85  6:30  Protoss Ground Armor Level 1  
  85  6:32  Probe (Chrono Boost)  
  92  6:34  Probe (Chrono Boost)  
  92  6:35  Protoss Ground Weapons Level 1, Immortal  
  92  6:38  Probe (Chrono Boost)  
  98  6:44  Probe (Chrono Boost)  
  98  6:45  Probe (Chrono Boost)  
  98  6:46  Pylon  
  100  6:51  Probe (Chrono Boost)  
  101  6:57  Adept  
  104  7:02  Probe (Chrono Boost)  
  104  7:05  Gateway  
  104  7:06  Gateway  
  103  7:09  Gateway  
  103  7:12  Gateway  
  103  7:13  Adept x2  
  103  7:14  Gateway  
  108  7:16  Observer  
  108  7:21  Assimilator  
  108  7:22  Adept  
  111  7:23  Probe x3 (Chrono Boost)  
  111  7:24  Assimilator  
  111  7:38  Pylon  
  111  7:45  Adept x3  
  117  7:51  Warp Prism  
  119  7:58  Pylon  
  117  8:06  Adept  
  117  8:08  Adept x3  
  117  8:10  Adept x4  
  127  8:16  Nexus  
  127  8:19  Pylon  
  127  8:24  Pylon  
  127  8:31  Pylon  
  127  8:33  Stalker x7  
  141  8:38  Adept  
  143  8:57  Adept x3  
  143  8:58  Adept x5  
  143  9:01  Pylon  
  159  9:22  Stalker x4  
  159  9:23  Stalker x3  
  159  9:24  Stalker  
  173  9:32  Pylon  
  137  9:48  Adept x4  
  137  9:49  Adept x4  
  133  10:09  Stalker x2  
  133  10:10  Stalker x5  
  133  10:12  Stalker  
  149  10:18  Pylon  
  139  10:31  Probe (Chrono Boost), Stargate  
  139  10:33  Stalker x3  
  139  10:34  Stalker x2  
  150  10:39  Adept x2  
  150  10:41  Adept  
  154  10:53  Probe (Chrono Boost)  
  154  10:54  Probe x2 (Chrono Boost)  
  157  10:58  Protoss Ground Weapons Level 2, Protoss Ground Armor Level 2  
  157  10:59  Adept x4  
  157  11:01  Immortal  
  161  11:13  Adept x3  
  161  11:14  Adept  
  169  11:27  Probe (Chrono Boost), Assimilator  
  169  11:28  Probe x2 (Chrono Boost)  
  169  11:29  Fleet Beacon  
  164  11:40  Adept x5  
  164  11:41  Adept x3  
  176  11:59  Stargate  
  176  12:00  Assimilator x2  
  176  12:05  Photon Cannon  
  176  12:06  Adept x6  
  176  12:07  Adept x2  
  188  12:16  Tempest  
  192  12:30  Adept x3  
  192  12:31  Adept  
  192  12:37  Stalker  
  197  12:54  Tempest  
  193  13:04  Tempest  
  193  13:05  Adept x2  
  195  13:30  Assimilator  
  195  13:36  Oracle, Warp Prism  
  200  13:45  Nexus, Tempest  
  200  13:47  Pylon  
  194  14:00  Dark Shrine  
  194  14:05  Pylon  
  194  14:06  Assimilator  
  194  14:09  Templar Archives, Assimilator  
  194  14:13  Photon Cannon  
  194  14:15  Photon Cannon  
  184  14:17  Photon Cannon  
  184  14:19  Pylon  
  184  14:21  Adept x2  
  184  14:22  Adept x2  
  184  14:23  Adept  
  184  14:24  Adept  
  196  14:38  Adept x2  
  188  15:03  Adept x2  
  188  15:04  Adept x3  
Show
View Real Time Build Order
Export as new Build Order

EnVyUsPolt Terran 

Build Orders: Reaper Expand, MMM Bio 

Get SALT Encoding   

  12  0:00  SCV  
  13  0:12  SCV  
  14  0:17  Supply Depot  
  14  0:24  SCV  
  15  0:38  SCV  
  15  0:39  Barracks  
  16  0:43  Refinery  
  16  0:50  SCV  
  17  1:02  SCV  
  18  1:15  SCV  
  19  1:27  Orbital Command, Reaper  
  20  1:40  Command Center  
  20  1:52  Supply Depot, SCV  
  21  2:00  Barracks Reactor  
  21  2:04  SCV  
  21  2:08  Barracks  
  22  2:16  SCV  
  22  2:22  Engineering Bay  
  23  2:28  SCV  
  24  2:33  Factory  
  24  2:37  Marine x2  
  24  2:41  SCV  
  26  2:53  SCV  
  26  2:54  Orbital Command  
  26  2:58  Refinery  
  27  3:01  Marine x2  
  27  3:04  Barracks Tech Lab  
  27  3:05  SCV  
  30  3:17  Widow Mine, SCV  
  30  3:18  Starport  
  33  3:22  SCV  
  33  3:24  Marine x2  
  33  3:25  Marine  
  36  3:29  SCV  
  36  3:34  Supply Depot, SCV  
  38  3:40  Stimpack  
  38  3:41  SCV  
  38  3:46  SCV  
  40  3:50  Marine x3  
  40  3:53  SCV  
  44  3:56  Medivac  
  44  3:58  Supply Depot, SCV  
  47  4:04  Factory Reactor  
  47  4:05  SCV  
  47  4:08  Engineering Bay  
  48  4:10  SCV  
  48  4:11  Marine x3  
  52  4:17  SCV  
  52  4:21  Supply Depot  
  52  4:22  SCV  
  54  4:27  Bunker  
  54  4:32  Marine x2  
  54  4:33  Marauder  
  54  4:34  SCV x2  
  60  4:38  Barracks  
  60  4:46  SCV x2, Refinery  
  60  4:49  Supply Depot  
  60  4:51  Medivac  
  64  4:52  Medivac  
  64  4:59  SCV x2  
  70  5:00  Marauder  
  70  5:07  Supply Depot  
  70  5:10  Widow Mine  
  70  5:11  Marine x2  
  70  5:12  SCV x2  
  76  5:15  Refinery  
  76  5:24  SCV x2  
  78  5:34  Marine x3, Marauder  
  83  5:36  SCV x2  
  85  5:55  Command Center  
  85  5:58  Barracks Tech Lab  
  85  5:59  Marine  
  85  6:00  Marine  
  85  6:02  SCV  
  86  6:05  SCV  
  86  6:06  Supply Depot, Combat Shields, Marauder, Liberator  
  86  6:09  Supply Depot  
  86  6:10  Liberator  
  89  6:16  Barracks x2  
  89  6:18  SCV  
  89  6:19  SCV  
  97  6:35  SCV x2  
  97  6:38  Supply Depot  
  97  6:39  Supply Depot, Marauder  
  101  6:42  Widow Mine  
  101  6:44  Marine x2  
  101  6:46  Marine  
  106  6:50  Terran Infantry Weapons Level 1  
  106  6:51  SCV, Liberator  
  106  6:53  SCV, Liberator  
  108  7:04  SCV  
  108  7:05  SCV  
  110  7:13  Orbital Command  
  116  7:19  SCV x2  
  117  7:31  SCV x2, Starport  
  117  7:32  Fusion Core  
  117  7:33  Refinery x2  
  117  7:36  Marauder, Barracks Reactor, Barracks Tech Lab  
  117  7:37  Marine x2, Marauder  
  123  7:43  SCV x2  
  126  7:53  SCV  
  126  7:55  SCV x2, Liberator  
  126  7:56  Liberator  
  126  8:09  SCV x3  
  126  8:11  Marine x2, Marauder  
  126  8:12  Marauder x2  
  139  8:15  Starport Tech Lab  
  141  8:24  Supply Depot  
  141  8:25  Supply Depot x2  
  141  8:30  Concussive Shells  
  141  8:31  Liberator  
  141  8:33  Missile Turret  
  141  8:35  Supply Depot, Missile Turret  
  141  8:36  Supply Depot  
  141  8:48  Marine x4, Marauder x3  
  150  8:50  Advanced Ballistics  
  152  9:08  Orbital Command  
  152  9:16  Liberator x3  
  151  9:17  Marine x2  
  151  9:18  Marine x2, Marauder x3  
  132  9:45  Marine x4, Marauder  
  132  9:46  Marauder x2  
  130  9:58  Liberator  
  130  9:59  Liberator x2  
  124  10:11  Marine x4, Marauder x3  
  132  10:18  Orbital Command  
  141  10:53  Refinery  
  141  11:10  Medivac x3  
  151  11:11  Marine x4, Marauder x3  
  157  11:23  Command Center  
  157  11:28  Liberator x3  
  161  11:57  Marine x4, Marauder x3  
  161  12:00  Supply Depot  
  168  12:03  Armory, Engineering Bay  
  159  12:12  Barracks x3  
  159  12:13  Liberator x2  
  159  12:14  Liberator  
  158  12:18  Marine x4, Marauder x2  
  174  12:40  Marauder  
  174  12:41  Command Center  
  175  12:56  Liberator x3  
  175  12:58  Terran Infantry Armor Level 1  
  149  13:16  Planetary Fortress  
  149  13:18  SCV x2  
  149  13:19  SCV  
  154  13:32  Barracks Reactor, Barracks Tech Lab x2  
  147  13:47  SCV x3  
  149  13:56  Medivac x3  
  149  13:59  SCV x3  
  149  14:00  SCV, Refinery  
  149  14:01  Refinery  
  156  14:12  SCV  
  117  14:22  Marine x4, Marauder x2  
  117  14:23  Marine x2, Marauder x3  
  125  14:30  Starport  

Tags
 
Add a new tag
Caveats
  • Supply blocks, unpowered buildings, or Contaminate may cause inaccurate times.
  • Supply counts are checked every 10 seconds.